AoeStats
← 今夜浓愁未到乡

Arena

510309335Analyzed
4v4 RM · 2d ago on Sep 30, 2026· 43m 29s· 8 players
Game mode
Random Map
Map size
Large (8 player)
Population
200
Speed
Normal
Resources
Standard
Victory
Conquest
Starting age
Dark Age
Ending age
Imperial Age
RankedLock teamsTeams togetherTeam positionsShared explorationLock speedFull tech treeHidden civsTurbo modeCheats
Victory
Defeat
1386
+14
🇨🇳 Khmer · China
1377
+14
1361
+15
1324
+16
🇮🇩 Wei · Indonesia
1369
-16
1340
-15
🇹🇼 Danes · Taiwan
1338
-15
🇨🇳 Khmer · China
1281
-13
popo770723
10:37 Feudal Age
14:36 Castle Age
13:32 Horse Collar
14:03 Double-Bit Axe
15:11 Loom
17:45 Arson
21:37 Scale Mail Armor
21:50 Heavy Plow
22:50 Squires
23:24 Forging
24:39 Iron Casting
25:26 Chain Mail Armor
26:36 Town Watch
29:18 Bow Saw
29:12 Gold Mining
29:15 Stone Mining
33:09 Imperial Age
31:26 Gold Shaft Mining
32:07 Stone Shaft Mining
32:45 Wheelbarrow
32:24 Hamask
35:17 Plate Mail Armor
34:42 Onager
38:56 Hand Cart
41:38 Chemistry
40:28 Siege Onager
被判西西弗斯之刑
9:17 Feudal Age
8:15 Loom
13:16 Castle Age
11:42 Double-Bit Axe
12:15 Horse Collar
14:30 Bow Saw
19:19 Wheelbarrow
27:35 Heavy Plow
28:35 Hand Cart
34:43 Imperial Age
33:33 Bloodlines
33:23 Husbandry
34:14 Fortified Wall
34:27 Scale Barding Armor
34:32 Forging
35:47 Chain Barding Armor
34:51 Heavy Camel Rider
36:47 Kshatriyas
36:58 Gold Mining
38:41 Iron Casting
38:22 Town Watch
39:26 Plate Barding Armor
41:01 Frontier Guards
42:19 Chemistry
43:17 Padded Archer Armor
Behind You
9:55 Feudal Age
14:33 Castle Age
13:04 Double-Bit Axe
14:13 Horse Collar
16:05 Bow Saw
18:16 Loom
22:03 Wheelbarrow
24:25 Hand Cart
24:16 Heavy Plow
25:31 Gold Mining
25:31 Stone Mining
26:12 Bloodlines
27:24 Gold Shaft Mining
26:54 Husbandry
27:07 Forging
27:02 Scale Barding Armor
27:07 Forging
28:43 Light Cavalry
30:15 Iron Casting
30:00 Chain Barding Armor
33:01 Imperial Age
31:41 Scale Mail Armor
31:53 Pikeman
33:00 Squires
32:46 Arson
33:28 Chain Mail Armor
35:07 Blast Furnace
35:35 Ming Guang Armor
35:19 Heavy Hei Guang Cavalry
39:17 Halberdier
43:13 Hussar
马虎
10:48 Feudal Age
14:08 Castle Age
12:45 Double-Bit Axe
12:44 Horse Collar
19:11 Gold Mining
20:54 Light Cavalry
24:41 Scale Barding Armor
25:22 Gold Shaft Mining
29:19 Wheelbarrow
28:59 Bow Saw
29:44 Loom
34:27 Imperial Age
34:36 Imperial Age
32:14 Devotion
32:39 Chain Barding Armor
32:30 Forging
32:34 Bloodlines
32:25 Husbandry
35:46 Iron Casting
36:06 Plate Barding Armor
根本就没有这样的民族
10:44 Feudal Age
11:29 Double-Bit Axe
11:38 Horse Collar
14:25 Castle Age
15:29 Bow Saw
15:58 Wheelbarrow
22:25 Hand Cart
22:35 Stone Mining
26:33 Gold Mining
29:36 Imperial Age
28:49 Gold Shaft Mining
29:00 Heavy Plow
29:07 Scale Mail Armor
29:08 Squires
30:16 Chain Mail Armor
29:54 Town Watch
29:47 Elite Varangian Guard
30:48 Conscription
31:42 Plate Mail Armor
32:21 Forging
32:53 Arson
34:40 Iron Casting
34:44 Shield Wall
36:05 Capped Ram
41:09 Hoardings
42:45 Crop Rotation
43:17 Two-Man Saw
42:53 Siege Engineers
43:49 Chemistry
43:10 Ballistics
42:42 Fletching
43:27 Elite Hearth Troop
抗渗凯波拉,蒸得夹得
10:38 Feudal Age
11:37 Loom
11:50 Double-Bit Axe
14:40 Castle Age
12:43 Horse Collar
37:08 Heavy Plow
38:41 Wheelbarrow
38:47 Wheelbarrow
39:46 Caravan
43:12 Hand Cart
开局不死农就算成功
11:15 Feudal Age
15:21 Castle Age
13:12 Double-Bit Axe
13:13 Horse Collar
14:30 Loom
16:13 Bow Saw
16:13 Heavy Plow
19:22 Wheelbarrow
21:35 Gold Mining
26:45 Hand Cart
26:19 Loom
28:51 Gold Shaft Mining
30:09 Scale Barding Armor
30:14 Forging
33:26 Imperial Age
33:46 Chain Barding Armor
34:02 Iron Casting
34:09 Bloodlines
33:59 Husbandry
35:18 Chemistry
33:56 Elite Steppe Lancer
35:12 Plate Barding Armor
38:04 Blast Furnace
38:40 Gambesons
38:56 Squires
38:41 Arson
39:06 Elite Fire Lancer
40:27 Capped Ram
41:08 Siege Ram
42:52 Pikeman
43:37 Scale Mail Armor
今夜浓愁未到乡
11:17 Feudal Age
14:06 Castle Age
11:54 Double-Bit Axe
12:08 Horse Collar
15:59 Bow Saw
20:33 Wheelbarrow
20:43 Heavy Plow
21:51 Gold Mining
24:26 Gold Shaft Mining
27:31 Imperial Age
25:07 Loom
25:08 Town Watch
25:32 Stone Mining
25:52 Scale Barding Armor
26:24 Forging
26:55 Chain Barding Armor
26:48 Husbandry
26:58 Bloodlines
29:47 Tusk Swords
31:07 Hand Cart
30:21 Elite Battle Elephant
32:16 Redemption
33:01 Plate Barding Armor
33:01 Iron Casting
33:15 Crop Rotation
32:56 Devotion
36:27 Blast Furnace
Connection lost

Rejoining the realm…

Still unreachable

The connection could not be restored.

Session expired

The server has moved on; the page needs a fresh start.